Map: Acropolis LE

Players

Protoss - Winner!

  • Race: Protoss Protoss
  • League: Platinum
  • Spawn Location: 5:00

pHARM

  • Race: Zerg Zerg
  • League: Platinum
  • Spawn Location: 11:00

VOD

Have the link to the VOD?

Description

Time

  • Played on: Sept. 1, 2019, 10:30 a.m.
  • Length: 10:56
Show
View Real Time Build Order
Export as new Build Order

Protoss Protoss - Winner!

Build Orders:  

Get SALT Encoding   

  12  0:00  Probe  
  13  0:13  Probe  
  14  0:20  Pylon  
  14  0:25  Probe  
  15  0:36  Probe  
  15  0:40  Forge  
  16  0:44  Probe  
  17  0:53  Pylon  
  17  0:58  Probe  
  18  1:08  Gateway  
  18  1:14  Probe  
  18  1:17  Assimilator  
  19  1:27  Probe  
  20  1:39  Probe  
  21  1:42  Pylon  
  21  1:50  Pylon  
  21  1:51  Probe  
  22  1:57  Assimilator  
  22  2:01  Photon Cannon  
  22  2:09  Photon Cannon  
  22  2:22  Cybernetics Core, Zealot  
  24  2:35  Probe  
  25  2:46  Photon Cannon  
  25  2:54  Probe  
  26  3:04  Warp Gate  
  26  3:06  Probe  
  26  3:12  Pylon  
  27  3:16  Nexus  
  27  3:25  Probe  
  28  3:31  Pylon  
  28  3:34  Stargate  
  28  3:38  Probe  
  29  3:44  Sentry  
  29  3:46  Probe  
  31  3:54  Probe  
  31  3:55  Protoss Ground Weapons Level 1  
  32  3:59  Gateway  
  33  4:07  Probe  
  34  4:17  Gateway  
  34  4:19  Probe  
  35  4:28  Probe  
  35  4:30  Probe  
  36  4:32  Robotics Facility  
  36  4:36  Probe  
  37  4:38  Probe  
  37  4:45  Probe  
  39  4:48  Probe  
  41  4:57  Probe  
  41  4:59  Pylon  
  42  5:00  Probe  
  42  5:01  Assimilator  
  42  5:03  Stalker  
  42  5:04  Assimilator, Stalker  
  47  5:09  Probe  
  47  5:12  Probe  
  49  5:19  Pylon  
  49  5:21  Probe  
  49  5:22  Immortal, Stalker  
  49  5:24  Probe  
  53  5:33  Probe  
  58  5:36  Probe  
  58  5:38  Gateway  
  58  5:41  Gateway  
  59  5:50  Stalker x2  
  63  6:05  Gateway  
  63  6:08  Gateway  
  63  6:09  Pylon  
  63  6:18  Immortal  
  63  6:22  Nexus  
  63  6:27  Pylon  
  67  6:38  Stalker  
  69  6:40  Sentry  
  69  6:41  Stalker  
  69  6:42  Stalker  
  69  6:45  Probe x2  
  77  6:47  Warp Prism  
  77  6:59  Probe x2  
  81  7:09  Stalker x2  
  81  7:27  Stalker x2  
  85  7:36  Probe x2  
  87  7:38  Probe  
  88  7:46  Gateway  
  88  7:48  Probe x2  
  88  7:49  Photon Cannon  
  88  7:50  Probe  
  88  7:51  Pylon  
  91  7:53  Assimilator  
  91  7:56  Protoss Shields Level 1  
  91  7:57  Assimilator  
  91  8:00  Probe x2  
  91  8:05  Probe  
  95  8:12  Probe  
  95  8:13  Pylon  
  95  8:23  Gateway, Zealot x5  
  95  8:24  Zealot x2  
  109  8:36  Gateway  
  109  8:37  Immortal, Pylon  
  113  8:47  Probe  
  114  8:53  Photon Cannon  
  114  8:55  Pylon  
  114  9:07  Twilight Council  
  114  9:19  Zealot x4  
  114  9:20  Zealot x5  
  114  9:49  Stalker x3  
  114  9:50  Stalker x5  
  130  9:59  Zealot x2  
  106  10:12  Stalker  
  106  10:13  Stalker x6  
  100  10:14  Zealot  
  96  10:23  Zealot x2  
  84  10:38  Zealot x3  
  84  10:39  Zealot x2  
  92  10:49  Stalker  
  94  10:50  Stalker x4  
Show
View Real Time Build Order
Export as new Build Order

pHARM Zerg 

Build Orders: Hatch First 

Get SALT Encoding   

  12  0:01  Drone  
  13  0:13  Overlord  
  13  0:26  Drone  
  14  0:33  Drone x2  
  16  0:50  Hatchery  
  15  1:17  Drone  
  15  1:18  Drone x2  
  18  1:40  Spawning Pool  
  17  1:51  Drone  
  17  1:52  Drone x2  
  20  2:17  Drone x4  
  24  2:28  Drone x2  
  26  2:38  Drone x2  
  28  2:58  Overlord x2  
  28  3:13  Drone, Hatchery  
  28  3:16  Queen  
  28  3:17  Drone x3  
  33  3:25  Drone x2  
  35  3:27  Queen  
  35  3:29  Overlord x2  
  37  3:36  Extractor  
  36  3:44  Drone x2  
  38  4:01  Drone  
  38  4:02  Drone x2  
  41  4:09  Spore Crawler  
  40  4:14  Spore Crawler  
  40  4:16  Drone  
  40  4:17  Drone x2  
  42  4:24  Extractor  
  41  4:31  Drone x2  
  41  4:32  Drone x3  
  41  4:36  Queen  
  41  4:37  Overlord x3  
  48  4:45  Roach Warren  
  48  4:48  Drone x3  
  48  4:49  Drone x3  
  53  4:53  Extractor  
  52  5:12  Overlord x2  
  52  5:13  Overlord  
  52  5:27  Roach x2  
  52  5:28  Roach x5  
  66  5:32  Lair  
  66  5:44  Drone  
  66  5:45  Drone x2  
  69  6:09  Evolution Chamber  
  68  6:12  Evolution Chamber  
  68  6:14  Overlord x3  
  69  6:32  Roach  
  69  6:33  Roach x19  
  69  6:35  Zerg Missile Weapons Level 1  
  107  6:55  Hatchery  
  106  7:07  Glial Reconstitution  
  106  7:11  Drone x2  
  106  7:13  Zerg Ground Armor Level 1  
  90  7:32  Roach x8  
  90  7:33  Zergling x16  
  90  7:34  Zergling x8  
  118  7:46  Extractor  
  118  7:50  Hydralisk Den  
  116  7:59  Infestation Pit, Drone x3  
  118  8:07  Metabolic Boost  
  118  8:20  Extractor  
  118  8:22  Extractor, Hydralisk x3  
  118  8:24  Zergling x2  
  118  8:25  Overlord x3, Zergling x10  
  118  8:26  Overlord x3  
  128  8:37  Zerg Missile Weapons Level 2  
  128  8:53  Drone x13  
  141  9:04  Drone x5  
  128  9:55  Roach x5  
  128  9:56  Roach x10  
  123  10:07  Hydralisk x5  
  109  10:19  Hydralisk x3  
  94  10:26  Hydralisk  
  94  10:27  Hydralisk x3  
Tags
 
Matchup
PvZ
Replay Pack
10.7.19
Spawn Locations
Cross Positions
Add a new tag
Caveats
  • Supply blocks, unpowered buildings, or Contaminate may cause inaccurate times.
  • Supply counts are checked every 10 seconds.